 Dungeon Crawl Stone Soup version 0.29.1-1-gd02db6906a (webtiles) character file.

Game seed: 10847827201413565860

1459 warriortoast the Fighter (level 8, 0/112 HPs)
             Began as a Minotaur Fighter on Sept 29, 2022.
             Was a Follower of Cheibriados.
             Succumbed to an orc wizard's poison
             ... on level 6 of the Dungeon.
             The game lasted 00:11:44 (5690 turns).

warriortoast the Fighter (Minotaur Fighter)         Turns: 5690, Time: 00:11:44

Health: 0/112      AC: 11    Str: 25    XL:     8   Next: 48%
Magic:  7/7        EV:  6    Int:  7    God:    Cheibriados [*.....]
Gold:   320        SH: 13    Dex: 12    Spells: 7/7 levels left

rFire   . . .      SeeInvis .   a - +0 war axe
rCold   . . .      Faith    .   B - +0 tower shield
rNeg    + . .      Spirit   .   p - +0 chain mail
rPois   .          Reflect  .   (helmet restricted)
rElec   .          Harm     .   (no cloak)
rCorr   .          Rampage  .   t - +0 pair of gloves
Will    .....                   (no boots)
Stlth   ..........              (no amulet)
HPRegen 0.28/turn               z - ring of positive energy
MPRegen 0.10/turn               (no ring)

@: berserking (expiring), lethally poisoned (0 -> -6), very slow
A: horns 2, retaliatory headbutt, fangs 1, deterioration 1, wild magic 1
a: Renounce Religion, Bend Time


You were on level 6 of the Dungeon.
You worshipped Cheibriados.
Cheibriados was aware of your devotion.
You visited 2 branches of the dungeon, and saw 7 of its levels.

You collected 320 gold pieces.

Inventory:

Hand Weapons
 a - a +0 war axe (weapon)
 H - the +5 long sword "Kaocre" {vorpal, rElec rC- Str+3 Int+2}
   (You found it on level 3 of the Dungeon)

   It inflicts extra damage upon your enemies.
   Str:       It affects your strength (+3).
   Int:       It affects your intelligence (+2).
   rC:        It makes you vulnerable to cold.
   rElec:     It insulates you from electricity.
Missiles
 i - 3 datura-tipped darts
 v - 12 poisoned darts (quivered)
Armour
 b - a +0 scale mail
 c - a +0 buckler
 p - a +0 chain mail (worn)
 t - a +0 pair of gloves (worn)
 y - a +1 helmet
 B - a +0 tower shield (worn)
Jewellery
 u - an amulet of faith
 z - a ring of positive energy (left hand)
 F - a ring of willpower
 G - an amulet of magic regeneration
Wands
 w - a wand of digging (4)
 C - a wand of light (1)
Scrolls
 e - 3 scrolls of teleportation {unknown}
 f - 4 scrolls of identify {unknown}
 j - 2 scrolls of immolation {unknown}
 l - 2 scrolls of blinking {unknown}
 n - a scroll of butterflies {unknown}
 q - 2 scrolls of amnesia {unknown}
 D - a scroll of noise {unknown}
 E - 3 scrolls of poison {unknown}
 I - a scroll of enchant armour {unknown}
Potions
 d - 3 potions of might
 g - 2 potions of haste
 h - a potion of cancellation
 k - a potion of brilliance {unknown}
 m - a potion of curing {unknown}
 o - 2 potions of mutation
 s - a potion of berserk rage
 x - a potion of attraction {unknown}
 A - 3 potions of flight {unknown}


   Skills:
 + Level 8.4 Fighting
 + Level 7.8 Axes
 + Level 5.3 Armour
 + Level 3.2 Dodging
 + Level 5.3 Shields


You had 7 spell levels left.
You didn't know any spells.
Your spell library contained the following spells:

 Spells                   Type           Power      Damage    Failure   Level
 Apportation              Tloc           0%         N/A       100%        1
 Blink                    Tloc           0%         N/A       100%        2
 Lesser Beckoning         Tloc           0%         N/A       100%        3
 Stone Arrow              Conj/Erth      0%         3d7       100%        3
 Animate Armour           Summ/Erth      0%         N/A       100%        4
 Alistair's Intoxication  Tmut/Pois      0%         N/A       100%        5
 Manifold Assault         Tloc           0%         N/A       100%        5
 Lehudib's Crystal Spear  Conj/Erth      0%         10d2      100%        8


Dungeon Overview and Level Annotations

Branches:
Dungeon (6/15)             Temple (1/1) D:4

Altars:
Ashenzari
Cheibriados
Dithmenos
Elyvilon
Fedhas
Gozag
Makhleb
Nemelex Xobeh
Okawaru
Ru
Trog
Vehumet
Xom
Yredelemnul
Zin
The Shining One


Innate Abilities, Weirdness & Mutations

You have a pair of horns on your head.
You reflexively headbutt those who attack you in melee.
You have very sharp teeth.
Your body sometimes deteriorates upon taking damage.
Your spells are a little harder to cast, but a little more powerful.


Message History

You feel extremely sick. You block something's attack.
You miss something. You headbutt something!
Cheibriados appreciates the change of pace.
Reactivating autopickup.
You feel a bit more experienced.
* * * LOW HITPOINT WARNING * * *
You feel extremely sick.
You feel much better.
* * * LOW HITPOINT WARNING * * *
You feel very sick.
It was a potion of mutation.
You feel extremely strange.
You feel less in control of your magic.
Your teeth lengthen and sharpen.
You feel yourself wasting away.
* * * LOW HITPOINT WARNING * * *
You feel very sick.
It was a potion of haste.
You feel yourself speed up.
Cheibriados forgives your accidental hurry, just this once.
* * * LOW HITPOINT WARNING * * *
You feel very sick.
It was a potion of cancellation.
Your magical effects are unravelling.
You feel magically purged.
You feel yourself slow down.
You feel a little less mighty now.
* * * LOW HITPOINT WARNING * * *
You feel sick.
It was a potion of berserk rage.
A red film seems to cover your vision as you go berserk!
Cheibriados protects you from inadvertent hurry.
You feel mighty!
* * * LOW HITPOINT WARNING * * *
You feel very sick.
You are too berserk!
You feel a strong urge to attack something.
* * * LOW HITPOINT WARNING * * *
You feel sick.
* * * LOW HITPOINT WARNING * * *
You feel very sick.
You feel your anger nearly subside.
You die...

#### .# ..# .#
#. .....#
....###.#.####
.....()).....#
#)#.##.#
####.)....#
###....######
#..<..@....#
#####....#.#
#.##.# #.# .#
..# .. #### #.
.# #


There were no monsters in sight!

Vanquished Creatures
  3 yaks
  2 ogres (D:5)
  A phantom (D:5)
  A centaur (D:5)
  A scorpion (D:5)
  2 hounds
  4 orc priests
  Natasha (thrice) (D:2)
  6 iguanas (D:5)
  2 orc wizards
  9 adders
  A white imp (D:5)
  2 ufetubi (D:5)
  3 worms
  4 dart slugs
  13 orcs
  8 ball pythons
  7 endoplasms
  4 giant cockroaches
  8 goblins
  7 hobgoblins
  2 jackals (D:2)
  5 quokkas
  8 bats
  4 frilled lizards
  6 kobolds
116 creatures vanquished.

Notes
Turn   | Place    | Note
-------+----------+-------------------------------------------
     0 | D:1      | warriortoast the Minotaur Fighter began the quest for the
                  | Orb.
     0 | D:1      | Reached XP level 1. HP: 19/19 MP: 0/0
   170 | D:1      | Reached skill level 4 in Fighting
   171 | D:1      | Reached XP level 2. HP: 25/27 MP: 1/1
   501 | D:2      | Noticed Natasha
   509 | D:2      | Killed Natasha
   510 | D:2      | Reached XP level 3. HP: 14/34 MP: 2/2
   730 | D:2      | Noticed Natasha
   737 | D:2      | Killed Natasha
   738 | D:2      | Reached skill level 5 in Fighting
   738 | D:2      | Reached XP level 4. HP: 37/42 MP: 3/3
   959 | D:2      | Noticed Natasha
   969 | D:2      | Killed Natasha
  1072 | D:2      | Reached XP level 5. HP: 46/48 MP: 4/4
  1538 | D:3      | Found a faded altar of an unknown god.
  1551 | D:3      | Reached skill level 5 in Axes
  1659 | D:3      | You fall into a shaft and drop 3 floors!
  1662 | D:5      | Entered Level 5 of the Dungeon
  1671 | D:5      | Reached skill level 6 in Fighting
  1847 | D:5      | Found a shadowy altar of Dithmenos.
  1911 | D:5      | Reached XP level 6. HP: 47/57 MP: 5/5
  2395 | D:5      | Reached skill level 7 in Fighting
  2681 | D:4      | Found a staircase to the Ecumenical Temple.
  2691 | Temple   | Entered the Ecumenical Temple
  2851 | Temple   | Became a worshipper of Cheibriados the Contemplative
  2892 | D:4      | Found an iron altar of Okawaru.
  2892 | D:4      | Found a shimmering altar of Xom.
  2975 | D:4      | Found a glowing golden altar of the Shining One.
  2986 | D:4      | Reached XP level 7. HP: 64/66 MP: 6/6
  3822 | D:3      | Identified the +5 long sword "Kaocre" {vorpal, rElec rC-
                  | Str+3 Int+2}
  4080 | D:5      | Reached skill level 1 in Dodging
  4205 | D:5      | Noticed a yak
  4205 | D:5      | Noticed a yak
  4211 | D:5      | Noticed a yak
  4232 | D:4      | Killed a yak
  5143 | D:5      | Reached XP level 8. HP: 74/74 MP: 7/7
  5273 | D:5      | Reached * piety under Cheibriados
  5274 | D:5      | Reached skill level 8 in Fighting
  5512 | D:5      | Reached skill level 5 in Armour
  5512 | D:5      | Reached skill level 5 in Shields
  5684 | D:6      | Gained mutation: Your spells are a little harder to cast,
                  | but a little more powerful. [potion of mutation]
  5684 | D:6      | Gained mutation: You have very sharp teeth. [potion of
                  | mutation]
  5684 | D:6      | Gained mutation: Your body sometimes deteriorates upon
                  | taking damage. [potion of mutation]
  5688 | D:6      | HP: 4/112 [poisoned by an orc wizard]
  5689 | D:6      | HP: 1/112 [poisoned by an orc wizard]
  5690 | D:6      | Succumbed to an orc wizard's poison

Illustrated notes

Levels and vault maps discovered:
D:1:      scummos_arrival_forest, layout_rooms, serial_bayou_pond_a
D:2:      layout_loops_cross, corexii_leaking_fountain,
          chequers_serial_rivers_micro_c, chequers_serial_rivers_micro_c,
          dreamdust_princess_bridge, due_unseen_surprise, uniq_natasha
D:3:      minmay_wonky_spiral, layout_rooms, nicolae_ecumenical_snake_handling,
          chequers_jeans
D:4:      layout_loops_cross, mainiacjoe_overflow_24_doors,
          nicolae_overflow_hidden_temple, minmay_temple_entry_statues_fountains
D:5:      minmay_recursive_quarters, layout_basic, grunt_dithmenos_smoke,
          grunt_decor_cap
D:6:      layout_basic, minitemple, ebering_ghost_reflecting_pool
Temple:   hellmonk_temple_forest_ring

Skill      XL: |  1  2  3  4  5  6  7  8 |
---------------+-------------------------+-----
Fighting       | 4 5 6 7 8 |  8.4
Axes           | 3 4 5 6 7 |  7.8
Dodging        | 2 3 |  3.2
Armour         | 4 5 |  5.3
Shields        | 4 5 |  5.3

Action                   |  1- 3 |  4- 6 |  7- 9 || total
-------------------------+-------+-------+-------++-------
Melee: War axe           |    51 |   122 |   107 ||   280
       Headbutt          |     6 |    23 |    16 ||    45
Throw: Dart              |       |       |    11 ||    11
Evoke: Wand              |       |       |     1 ||     1
  Use: Potion            |       |       |     8 ||     8
Armor: Scale mail        |    22 |    18 |       ||    40
       Chain mail        |       |    37 |    52 ||    89
Dodge: Dodged            |    33 |    42 |    15 ||    90
Block: Buckler           |    13 |    19 |     2 ||    34
       Tower shield      |       |       |    58 ||    58
